Map: 이터널 엠파이어 - 래더

Players

Dream - Winner!

  • Race: Terran Terran
  • Spawn Location: 7:00

LiquidClem (Clem)

  • Race: Terran Terran
  • Spawn Location: 1:00

Event: StayAtHomestory Cup #1

VOD

Have the link to the VOD?

Description

Time

  • Played on: April 11, 2020, 6:44 a.m.
  • Length: 23:00

All games in this series

Show
View Real Time Build Order
Export as new Build Order

Dream Terran - Winner!

Build Orders: Reaper Expand 

Get SALT Encoding   

  12  0:01  SCV  
  13  0:13  SCV  
  14  0:17  Supply Depot  
  14  0:25  SCV  
  15  0:39  SCV  
  15  0:40  Barracks  
  16  0:43  Refinery  
  16  0:51  SCV  
  17  1:03  SCV  
  18  1:15  SCV  
  19  1:28  Reaper  
  19  1:29  Orbital Command  
  20  1:55  SCV  
  20  2:00  Command Center  
  21  2:02  Supply Depot  
  21  2:03  Reaper  
  21  2:07  SCV  
  23  2:12  Refinery  
  23  2:20  Factory  
  23  2:24  SCV  
  24  2:35  Marine  
  24  2:36  SCV  
  26  2:48  SCV  
  27  2:57  Barracks Reactor  
  27  3:00  SCV  
  28  3:08  Starport  
  28  3:12  SCV, Factory Tech Lab  
  29  3:20  Orbital Command  
  29  3:24  SCV  
  28  3:27  Refinery  
  28  3:31  Cyclone  
  28  3:33  Marine x2  
  33  3:36  SCV  
  34  3:42  Command Center  
  34  3:48  Viking  
  34  3:50  SCV  
  34  3:52  SCV  
  38  3:55  Marine  
  38  3:56  Marine  
  40  4:03  Siege Tank  
  40  4:06  SCV  
  40  4:09  SCV  
  45  4:12  Supply Depot  
  45  4:18  SCV  
  45  4:19  Starport Tech Lab  
  46  4:31  Supply Depot  
  46  4:34  SCV x2, Marine x2  
  48  4:46  SCV x2  
  48  4:48  Siege Tank  
  48  4:52  Raven  
  55  4:53  Marine x2  
  55  4:55  Orbital Command  
  55  4:56  Refinery  
  55  4:58  SCV x2  
  59  5:10  SCV x2  
  59  5:13  Marine x2, Barracks  
  63  5:18  Orbital Command  
  63  5:22  Siege Tank  
  63  5:23  SCV x2  
  68  5:31  Marine x2  
  68  5:35  SCV x2  
  72  5:40  Raven  
  74  5:47  SCV x2  
  74  5:48  Supply Depot  
  74  5:49  Marine  
  77  5:50  Barracks  
  77  5:52  Marine  
  77  5:53  SCV  
  72  5:59  SCV  
  72  6:01  Siege Tank  
  72  6:03  Barracks Tech Lab  
  73  6:05  SCV  
  73  6:06  Supply Depot  
  73  6:08  SCV  
  73  6:10  Marine x2  
  77  6:13  SCV  
  77  6:17  SCV  
  77  6:19  Engineering Bay  
  77  6:23  Engineering Bay  
  77  6:24  SCV  
  77  6:25  SCV  
  79  6:30  SCV  
  79  6:31  Stimpack, Marine  
  81  6:37  Viking x2  
  81  6:39  Siege Tank  
  88  6:40  SCV x2  
  88  6:44  Supply Depot  
  88  6:45  Terran Infantry Weapons Level 1  
  88  6:46  Combat Shield  
  90  6:48  Barracks Reactor  
  90  6:52  SCV x2  
  90  6:53  SCV  
  93  6:58  Terran Infantry Armor Level 1  
  93  7:04  Refinery  
  93  7:05  Refinery  
  93  7:06  SCV x2, Marine x2  
  93  7:07  Supply Depot x2  
  97  7:09  Viking  
  97  7:11  Viking  
  101  7:21  SCV  
  101  7:23  Sensor Tower  
  101  7:24  Supply Depot  
  101  7:25  Barracks  
  101  7:26  Barracks  
  101  7:27  Supply Depot  
  101  7:28  SCV x2  
  103  7:33  SCV  
  103  7:35  Marine x3  
  107  7:42  SCV x2  
  99  7:46  Marine  
  99  7:50  Sensor Tower  
  97  7:52  Marine x2  
  97  7:53  Marine  
  97  7:54  SCV x2  
  97  7:56  Siege Tank  
  97  7:57  Viking x2  
  109  8:00  Armory  
  109  8:01  SCV  
  109  8:04  Marine  
  109  8:10  SCV x2, Marine x3  
  114  8:15  Barracks Reactor x2  
  114  8:17  Supply Depot x2  
  114  8:22  Marine  
  109  8:28  Marine x3  
  109  8:29  Viking x2  
  109  8:33  Siege Tank  
  117  8:39  SCV x2, Marine  
  120  8:46  Marine x3  
  120  8:47  SCV  
  102  8:52  SCV  
  102  8:53  SCV  
  102  8:55  Marine  
  102  8:58  Marine x2  
  102  8:59  Viking x2  
  102  9:02  Command Center  
  109  9:03  Supply Depot, Terran Infantry Weapons Level 2  
  109  9:05  Siege Tank  
  109  9:08  Marine x4  
  115  9:11  Terran Infantry Armor Level 2  
  115  9:15  Terran Vehicle Weapons Level 1  
  115  9:16  Marine x2  
  117  9:20  Marine x2  
  119  9:25  Marine  
  119  9:26  Marine  
  119  9:27  Marine x2  
  119  9:30  Medivac  
  127  9:32  Liberator  
  127  9:34  Supply Depot, Marine  
  127  9:38  Marine  
  130  9:40  Factory  
  130  9:42  Barracks Reactor, Marine  
  130  9:43  Marine x2  
  133  9:47  Marine x2  
  133  9:48  Sensor Tower  
  133  9:51  Marine  
  135  9:55  Marine  
  135  9:58  Siege Tank  
  85  10:00  Medivac, Marine  
  139  10:05  Marine x4  
  145  10:09  Marine  
  145  10:13  Marine  
  147  10:15  Medivac  
  147  10:16  Supply Depot  
  147  10:17  Supply Depot  
  147  10:18  Marine  
  150  10:23  Marine x3  
  150  10:25  Marine  
  150  10:26  Marine x2  
  150  10:27  Marine  
  157  10:31  Missile Turret, Marine  
  157  10:32  Sensor Tower  
  157  10:35  Marine, Siege Tank x2  
  163  10:42  Marine x3  
  167  10:43  Marine  
  167  10:46  Marine x3  
  175  10:50  Medivac x2  
  175  10:52  Marine  
  175  10:53  Marine  
  176  11:01  Marine x4  
  176  11:02  Command Center  
  180  11:05  Marine x2  
  180  11:10  Marine  
  185  11:19  Marine x2  
  185  11:21  Supply Depot, Terran Vehicle Weapons Level 2, Terran Infantry Weapons Level 3  
  185  11:28  Terran Infantry Armor Level 3  
  184  11:33  Marine  
  184  11:34  Marine x2  
  184  11:35  Marine  
  184  11:36  Marine  
  184  11:39  Marine x4  
  183  11:51  Marine  
  183  11:52  Marine x3  
  183  11:54  Marine  
  184  11:57  Marine x2  
  186  12:03  Marine x2  
  186  12:05  Orbital Command  
  171  12:09  Marine  
  171  12:10  Marine x3  
  171  12:11  Marine  
  171  12:15  Marine x2  
  178  12:21  Marine x2  
  177  12:26  Marine  
  177  12:28  Marine x3  
  177  12:29  Marine  
  178  12:31  Planetary Fortress  
  178  12:32  SCV x3, Marine  
  178  12:34  Marine  
  178  12:37  Refinery  
  183  12:44  SCV, Marine  
  186  12:45  Siege Tank  
  182  12:53  Marine x3  
  182  12:54  Marine  
  182  12:56  Marine x2  
  182  12:57  Marine  
  182  12:58  Marine  
  173  13:02  Marine  
  173  13:05  Refinery  
  169  13:07  Refinery, Sensor Tower  
  169  13:11  Marine x3  
  169  13:12  Marine  
  173  13:13  Viking x2  
  177  13:21  Marine x3  
  177  13:22  Marine  
  177  13:27  Marine  
  180  13:29  Marine x4  
  185  13:38  Marine  
  185  13:39  Marine x2  
  185  13:40  Siege Tank  
  188  13:48  Marine  
  188  13:49  Marine  
  188  13:57  Marine x3  
  188  14:00  Marine  
  188  14:10  Supply Depot  
  188  14:11  Supply Depot  
  188  14:15  Marine x2  
  188  14:32  Medivac x2, Marine x3, Siege Tank  
  188  14:33  Siege Tank  
  188  14:37  Marine x6  
  191  14:50  Marine x3  
  194  14:55  Marine x2  
  194  14:57  Marine x2  
  198  15:02  Marine x2  
  198  15:04  Siege Tank  
  198  15:05  Siege Tank  
  198  15:06  Liberator  
  199  15:10  Orbital Command  
  199  15:17  Marine  
  200  15:41  Orbital Command  
  200  15:43  Terran Vehicle And Ship Armor Level 1  
  197  15:51  Marine x4  
  197  15:53  Marine x5  
  199  16:01  Refinery  
  199  16:03  Sensor Tower  
  199  16:05  Refinery  
  199  16:08  Starport x2  
  199  16:09  Marine  
  200  16:12  Command Center  
  196  16:19  Marine  
  196  16:20  Marine x3  
  200  16:47  Starport Reactor x2  
  200  16:48  Supply Depot x2  
  200  16:50  Supply Depot  
  194  17:02  Marine  
  194  17:03  Marine x2  
  167  17:10  Marine x6  
  167  17:14  Siege Tank x2  
  173  17:17  Liberator x2  
  173  17:20  Marine x3  
  182  17:28  Marine x6  
  169  17:31  Liberator x2  
  169  17:32  Viking x2  
  161  17:38  Marine x3  
  164  17:45  Marine  
  164  17:46  Marine x5  
  170  17:54  Siege Tank x2  
  170  17:56  Marine x3  
  170  17:58  Terran Ship Weapons Level 1  
  179  18:01  Fusion Core  
  179  18:03  Viking x2, Marine x2  
  179  18:04  Viking x2  
  189  18:07  Marine x2  
  189  18:08  Marine  
  189  18:09  Unknown  
  189  18:11  Marine  
  193  18:14  Viking x2, Marine x3  
  200  18:26  Marine x5  
  182  18:29  Marine  
  182  18:32  Marine x3  
  147  18:40  Viking x3  
  152  18:42  Medivac  
  152  18:43  Marine  
  152  18:44  Medivac, Marine x3  
  152  18:47  Marine x2  
  151  18:49  Marine x3  
  154  19:01  Marine x4  
  148  19:04  Marine x2  
  148  19:07  Marine x2  
  148  19:09  Siege Tank x2  
  158  19:11  Viking, Medivac x2  
  158  19:13  Viking, Medivac  
  158  19:14  Viking  
  170  19:17  Marine  
  171  19:24  Advanced Ballistics  
  171  19:28  Marine x5  
  171  19:29  Marine  
  177  19:33  Marine x2  
  177  19:35  Marine  
  168  19:46  Marine x5  
  168  19:47  Siege Tank x2  
  179  19:58  Marine  
  179  19:59  Marine x3  
  165  20:03  Marine  
  165  20:04  Marine  
  158  20:16  Marine  
  158  20:18  Marine  
  158  20:19  Siege Tank  
  158  20:20  Marine x5  
  140  20:21  Marine  
  135  20:33  Marine  
  127  20:36  Marine x2  
  127  20:37  Siege Tank  
  127  20:38  Marine x3  
  134  20:46  Marine x2  
  136  20:51  Marine, Siege Tank  
  136  20:54  Marine x2  
  136  20:55  Marine  
  136  20:56  Marine x2  
  145  21:03  Marine  
  145  21:04  Marine  
  146  21:15  Marine x3  
  143  21:20  Marine  
  143  21:21  Marine  
  140  21:26  Marine x2  
  140  21:27  Marine  
  140  21:28  Siege Tank x2  
  137  21:33  Marine x3  
  137  21:35  Liberator x2  
  137  21:36  Orbital Command  
  137  21:38  Marine  
  137  21:41  Marine  
  137  21:44  Marine x3, Liberator  
  134  21:51  Marine  
  132  21:56  Marine x3  
  132  21:59  Marine  
  136  22:02  Marine x3  
  139  22:09  Marine  
  139  22:13  Marine  
  139  22:14  Marine x2  
  143  22:17  Marine  
  143  22:18  Siege Tank  
  143  22:20  Marine x2  
  149  22:27  Marine x2  
  151  22:31  Marine  
  151  22:32  Marine  
  151  22:35  Marine x2  
  152  22:37  Marine  
  152  22:38  Marine  
Show
View Real Time Build Order
Export as new Build Order

LiquidClem Terran 

Build Orders: Gas First Reaper Expand 

Get SALT Encoding   

  12  0:00  SCV  
  13  0:13  SCV  
  14  0:17  Supply Depot  
  14  0:25  SCV  
  15  0:32  Refinery  
  15  0:38  SCV  
  16  0:44  Barracks  
  16  0:50  SCV  
  17  1:03  SCV  
  18  1:15  SCV  
  19  1:32  Reaper, Orbital Command  
  20  1:55  Command Center  
  20  1:57  Factory  
  20  2:00  SCV  
  20  2:09  Barracks Reactor  
  20  2:12  Supply Depot  
  20  2:15  SCV  
  21  2:19  Refinery  
  21  2:27  SCV  
  22  2:39  SCV  
  23  2:46  Starport  
  23  2:51  SCV  
  23  2:52  Hellion x2  
  29  3:05  SCV  
  28  3:15  Hellion x2  
  28  3:18  SCV  
  31  3:24  Orbital Command  
  31  3:30  SCV  
  32  3:36  Medivac  
  32  3:39  Marine x2  
  36  3:42  Factory Tech Lab  
  36  3:43  SCV  
  36  3:45  Refinery  
  37  3:50  SCV  
  37  3:53  Supply Depot  
  37  3:55  SCV  
  39  3:57  Marine x2  
  41  4:03  Cyclone  
  41  4:05  SCV  
  41  4:09  Starport Tech Lab  
  45  4:12  SCV  
  46  4:18  SCV  
  46  4:20  Marine x2  
  49  4:24  SCV, Supply Depot  
  49  4:28  Raven  
  52  4:38  SCV, Marine  
  53  4:45  SCV, Siege Tank  
  48  4:49  Supply Depot  
  48  4:56  SCV  
  48  4:57  SCV, Marine x2  
  52  5:08  SCV  
  52  5:09  SCV  
  52  5:11  Raven, Command Center  
  56  5:18  Supply Depot  
  56  5:20  Siege Tank  
  59  5:21  SCV  
  59  5:24  SCV  
  59  5:25  Marine x2  
  63  5:33  SCV  
  63  5:36  SCV  
  63  5:42  Marine  
  63  5:43  Marine  
  63  5:45  SCV  
  63  5:48  SCV  
  67  5:54  Siege Tank  
  67  5:55  Raven  
  70  5:58  SCV  
  70  6:00  SCV, Marine  
  70  6:01  Marine  
  72  6:07  Supply Depot  
  72  6:10  Barracks  
  71  6:11  SCV  
  71  6:12  SCV  
  71  6:13  Barracks  
  71  6:19  Refinery  
  71  6:23  SCV  
  71  6:24  SCV  
  74  6:26  Siege Tank  
  74  6:32  Engineering Bay x2  
  76  6:35  SCV  
  76  6:36  SCV  
  78  6:44  Marine  
  79  6:47  SCV  
  79  6:50  SCV, Viking x2  
  79  6:53  Stimpack  
  85  6:57  Supply Depot  
  85  6:59  SCV  
  85  7:00  Barracks Reactor x2  
  86  7:02  Siege Tank  
  86  7:05  Marine  
  90  7:09  Supply Depot  
  90  7:10  Orbital Command  
  90  7:14  SCV x2  
  92  7:17  Terran Infantry Weapons Level 1  
  92  7:23  Marine  
  92  7:26  Viking, SCV  
  92  7:27  SCV  
  92  7:28  Terran Infantry Armor Level 1  
  97  7:32  Viking  
  97  7:35  SCV  
  100  7:38  SCV  
  100  7:39  Marine  
  100  7:40  SCV  
  100  7:42  Marine  
  104  7:47  SCV  
  104  7:49  Marine x3  
  104  7:50  Siege Tank  
  100  7:54  SCV  
  100  7:57  Supply Depot, Marine  
  102  8:00  Medivac  
  102  8:02  Marine  
  102  8:03  SCV  
  102  8:05  SCV  
  107  8:06  SCV  
  107  8:07  Marine x2  
  107  8:10  Supply Depot  
  107  8:11  Marine  
  111  8:15  SCV, Supply Depot, Marine  
  113  8:20  Marine  
  113  8:21  SCV  
  113  8:24  SCV  
  113  8:25  Marine x2  
  116  8:29  Marine, Siege Tank  
  116  8:30  Medivac  
  116  8:32  Marine  
  121  8:34  Supply Depot  
  121  8:35  SCV  
  121  8:38  Marine  
  121  8:40  SCV  
  124  8:42  Marine  
  124  8:43  Marine  
  109  8:49  Marine  
  109  8:50  Medivac  
  109  8:53  Marine  
  97  8:55  SCV  
  97  8:56  Marine  
  97  8:58  SCV x2  
  97  9:00  Marine  
  97  9:01  Combat Shield, Barracks  
  97  9:02  Armory, Refinery, Barracks  
  102  9:09  Siege Tank  
  105  9:10  Medivac  
  105  9:13  SCV x3  
  105  9:14  Marine  
  105  9:15  Refinery, Marine  
  112  9:17  Marine x2  
  112  9:18  Marine  
  115  9:26  Sensor Tower  
  115  9:32  Marine  
  115  9:35  Factory  
  115  9:36  Supply Depot  
  116  9:40  Command Center  
  116  9:43  Marine x3  
  116  9:45  Siege Tank  
  122  9:52  Barracks Reactor x2, Medivac x2  
  126  9:54  Marine x2  
  128  10:00  Terran Infantry Weapons Level 2  
  128  10:01  Marine  
  128  10:04  Marine  
  128  10:05  Marine  
  131  10:12  Marine  
  133  10:18  Marine  
  134  10:21  Marine  
  134  10:22  Medivac, Marine, Siege Tank  
  134  10:27  Supply Depot  
  140  10:29  Marine  
  140  10:30  Marine x2  
  140  10:31  Marine x2  
  140  10:32  Barracks Reactor  
  140  10:33  Siege Tank  
  147  10:36  Terran Infantry Armor Level 2, Marine  
  147  10:39  Supply Depot, Marine  
  147  10:40  Marine  
  150  10:47  Marine x2  
  150  10:48  Marine  
  150  10:49  Marine x2  
  155  10:50  SCV  
  155  10:54  Refinery, Marine  
  155  10:56  Siege Tank  
  160  10:57  Marine  
  160  10:58  Marine  
  160  10:59  Refinery  
  160  11:01  Viking  
  164  11:05  Marine x2  
  164  11:06  Marine, Siege Tank  
  164  11:08  Supply Depot, Marine  
  164  11:09  Marine  
  164  11:10  Marine  
  173  11:12  Marine  
  173  11:18  Viking  
  173  11:20  Terran Vehicle Weapons Level 1, Marine x2  
  173  11:21  Marine  
  173  11:23  Marine x2  
  180  11:30  Marine  
  180  11:31  Marine x2  
  179  11:43  Siege Tank  
  176  11:49  Marine  
  176  11:50  Marine  
  176  11:52  Marine x2  
  176  11:53  Marine x2  
  179  11:56  Marine x3  
  179  11:57  Siege Tank  
  179  11:58  Medivac  
  185  12:05  Marine  
  185  12:07  Marine x2  
  153  12:10  Marine x2  
  153  12:11  Marine x2  
  153  12:14  Medivac, Marine x2  
  153  12:15  Siege Tank  
  160  12:19  Marine  
  155  12:23  Marine  
  155  12:28  Medivac, Terran Infantry Weapons Level 3  
  155  12:29  Siege Tank  
  149  12:32  Marine x3  
  149  12:35  Marine x2  
  154  12:41  Sensor Tower  
  154  12:43  Missile Turret  
  154  12:44  Medivac, Marine  
  154  12:45  Marine  
  154  12:49  Siege Tank  
  159  12:52  Marine  
  159  12:55  Marine  
  159  12:56  Marine x2  
  150  13:04  Siege Tank  
  150  13:05  Marine x2  
  149  13:14  Viking  
  149  13:15  Marine x2  
  149  13:17  Planetary Fortress, Marine x4  
  149  13:19  Viking  
  159  13:20  Marine  
  159  13:21  Marine  
  159  13:23  Marine  
  159  13:24  Marine  
  163  13:27  Terran Infantry Armor Level 3  
  163  13:33  Marine x2  
  165  13:35  Marine  
  165  13:39  Marine  
  165  13:40  Marine x2, Siege Tank  
  165  13:41  Marine  
  152  13:45  Marine x3  
  155  13:50  Marine  
  155  13:53  Viking  
  158  14:00  Siege Tank  
  151  14:03  Marine x4  
  151  14:04  Marine  
  151  14:06  Marine  
  151  14:08  Marine  
  151  14:09  Marine  
  159  14:14  Medivac  
  159  14:16  Siege Tank  
  161  14:19  Marine x2  
  161  14:21  Marine x3  
  160  14:27  Terran Vehicle Weapons Level 2  
  160  14:28  Marine x2  
  160  14:32  Medivac  
  160  14:38  Siege Tank  
  157  14:39  Marine x5  
  157  14:42  Marine x2  
  157  14:44  Marine  
  165  14:47  Marine x2  
  165  14:51  Siege Tank  
  168  14:56  Marine  
  168  14:57  Marine x4  
  168  14:59  Marine  
  173  15:03  Marine, Sensor Tower  
  173  15:04  Marine  
  173  15:06  Marine  
  176  15:16  Marine x2  
  176  15:18  Siege Tank  
  176  15:20  Marine x4  
  187  15:23  Viking  
  187  15:25  Viking  
  189  15:31  Marine x3  
  189  15:33  Siege Tank  
  195  15:51  Command Center  
  195  15:53  Siege Tank  
  190  15:58  Marine x5  
  195  16:15  Supply Depot  
  195  16:18  Medivac x2  
  196  16:19  Siege Tank  
  196  16:22  Marine  
  196  16:23  Marine x5  
  194  16:32  Marine x2  
  196  16:36  Marine, Siege Tank  
  196  16:37  Marine  
  200  17:05  Marine x2, Siege Tank  
  200  17:06  Marine x3  
  200  17:08  Marine x4  
  178  17:09  Marine  
  178  17:15  Siege Tank  
  180  17:18  Medivac  
  165  17:23  Marine x4  
  165  17:24  Marine  
  165  17:26  Marine  
  158  17:31  Marine  
  158  17:35  Marine x2  
  160  17:37  Marine, Siege Tank  
  160  17:38  Medivac  
  166  17:45  Marine x4  
  166  17:47  Siege Tank  
  166  17:49  Marine x2  
  174  17:57  Planetary Fortress, Orbital Command  
  173  18:09  Marine x2  
  173  18:10  Marine x2, Siege Tank  
  173  18:12  Marine x2  
  182  18:15  Marine  
  182  18:16  Marine x2  
  182  18:18  Marine  
  182  18:19  Siege Tank  
  170  18:27  Marine  
  170  18:30  Marine x2  
  170  18:31  Marine  
  170  18:32  Marine x2  
  170  18:33  Marine  
  170  18:34  Marine x2  
  162  18:36  Marine  
  163  18:42  Siege Tank  
  163  18:43  Viking  
  163  18:45  Marine  
  169  18:48  Viking, Marine x3  
  169  18:54  Marine x2  
  174  19:01  Marine  
  154  19:05  Marine  
  154  19:08  Marine  
  156  19:11  Marine x3  
  156  19:13  Marine x3, Siege Tank  
  156  19:14  Marine  
  166  19:17  Viking  
  166  19:18  Viking  
  166  19:19  Marine  
  166  19:23  Marine  
  172  19:26  Marine  
  172  19:29  Marine x3  
  172  19:31  Marine x4  
  173  19:37  Marine  
  166  19:40  Marine  
  166  19:44  Siege Tank  
  167  19:45  Marine  
  167  19:47  Viking, Marine x2  
  167  19:51  Marine  
  166  19:54  Marine x4  
  166  19:58  Marine x2  
  168  20:02  Medivac  
  168  20:03  Marine  
  168  20:04  Marine  
  168  20:05  Marine  
  170  20:09  Marine  
  170  20:11  Marine x2  
  170  20:12  Marine x2  
  171  20:15  Marine  
  171  20:16  Marine  
  126  20:21  Marine  
  126  20:22  Marine  
  126  20:23  Marine  
  126  20:25  Siege Tank  
  126  20:27  Marine  
  114  20:29  Marine x3  
  114  20:32  Marine  
  114  20:33  Marine  
  114  20:34  Marine  
  100  20:39  Marine  
  100  20:40  Viking, Marine x2  
  97  20:43  SCV  
  97  20:44  SCV, Marine  
  97  20:45  SCV  
  97  20:47  Marine x3  
  97  20:49  Marine  
  104  20:51  Marine  
  104  20:52  Marine  
  104  20:57  Marine  
  105  20:58  Marine x2  
  105  21:02  Marine  
  109  21:05  Marine x2  
  111  21:12  Marine  
  111  21:13  Marine x2  
  111  21:14  Siege Tank  
  112  21:20  Marine x3  
  91  21:43  Marine x10  
  86  21:55  Medivac  
  86  22:00  Marine  
  86  22:01  Marine x3  
  90  22:02  Refinery  
  90  22:03  Refinery  
  90  22:04  SCV x2  
  94  22:09  SCV  
  94  22:10  Marine  
  96  22:21  SCV x2  
  98  22:23  Marine  
  98  22:24  Refinery x2, Marine  
  98  22:26  Marine  
  101  22:36  Marine  
  105  22:38  Marine  
  105  22:39  Marine  
Tags
 
Add a new tag
Caveats
  • Supply blocks, unpowered buildings, or Contaminate may cause inaccurate times.
  • Supply counts are checked every 10 seconds.